 Dungeon Crawl Stone Soup version 0.21.1-1-g345015f (webtiles) character file.

185 teukkam the Twirler (level 5, -5/32 HPs)
             Began as a Gargoyle Gladiator on July 24, 2018.
             Was an Initiate of Gozag.
             Killed by divine providence
             ... invoked by an orc priest
              (13 damage)
             ... on level 4 of the Dungeon.
             The game lasted 00:08:36 (1899 turns).

teukkam the Twirler (Gargoyle Gladiator)            Turns: 1899, Time: 00:08:37

Health: -5/32      AC: 18    Str: 18    XL:     5   Next: 64%
Magic:  5/5        EV: 10    Int:  9    God:    Gozag
Gold:   165        SH:  0    Dex: 11    Spells: 4/4 levels left

rFire    x . .     SeeInvis .   a - +0 quarterstaff
rCold    + + .     Gourm    +   (shield currently unavailable)
rNeg     + . .     Faith    .   k - +0 ice dragon scales
rPois    ∞         Spirit   .   c - +0 helmet
rElec    +         Reflect  .   (no cloak)
rCorr    .         Harm     .   (no gloves)
MR       .....                  (no boots)
Stlth    ..........             l - amulet of the gourmand
HPRegen  0.10/turn              g - +4 ring of protection
MPRegen  0.09/turn              (no ring)

@: gold aura, very slightly contaminated, invisible
A: negative energy resistance 1, electricity resistance, unbreathing,
petrification resistance, rot immunity, AC +4
a: Potion Petition, Call Merchant, Bribe Branch, Renounce Religion


You were on level 4 of the Dungeon.
You worshipped Gozag.
Gozag was aware of your devotion.
You were very full.

You visited 1 branch of the dungeon, and saw 4 of its levels.

You collected 165 gold pieces.

Inventory:

Hand Weapons
 a - a +0 quarterstaff (weapon)
Missiles
 d - 2 throwing nets (quivered)
Armour
 c - a +0 helmet (worn)
 k - +0 ice dragon scales (worn)
Jewellery
 g - a +4 ring of protection (left hand)
 l - an amulet of the gourmand (around neck)
Scrolls
 e - 2 scrolls of teleportation
 n - 3 scrolls of enchant weapon {unknown}
 o - a scroll of magic mapping
 p - a scroll of identify
Potions
 i - 2 potions of curing
 j - 2 potions of heal wounds {unknown}
 m - a potion of ambrosia {unknown}
Books
 h - a book of Minor Magic

   Spells                             Type                      Level
   a - Magic Dart                     Conjuration                  1
   b - Blink                          Translocation                2
   c - Call Imp                       Summoning                    2
   d - Slow                           Hexes                        2
   e - Conjure Flame                  Conjuration/Fire             3
   f - Mephitic Cloud                 Conjuration/Poison/Air       3
Comestibles
 f - 6 rations


   Skills:
 + Level 3.5 Fighting
 + Level 4.0 Staves
 + Level 3.0 Throwing
 + Level 3.2 Dodging


You had 4 spell levels left.
You didn't know any spells.

Dungeon Overview and Level Annotations

Branches:
Dungeon (4/15)
 Temple: D:4-7

Altars:
Gozag
Kikubaaqudgha

Shops:
D:4 %(


Innate Abilities, Weirdness & Mutations

You are resistant to torment.
Your stone body is resilient. (AC +4)
You are immune to poison.
You resist negative energy. (rN+)
You are resistant to electric shocks. (rElec)
You can survive without breathing.
You are immune to petrification.
You are immune to rotting.


Message History

The orc priest is lightly wounded.
The orc priest invokes the aid of Beogh against you.
Beogh smites you!
* * * LOW HITPOINT WARNING * * *
You hear some strange, mumbled words.
Something tries to affect you, but you resist.
You fade into invisibility!
The orc priest misses you. Something hits you but does no damage.
You are very lightly contaminated with residual magic.
You hit the orc priest.
The orc priest is lightly wounded.
Something hits you but does no damage. The orc priest barely misses you.
You closely miss something.
You hear some strange, mumbled words.
A magic dart appears from out of thin air!
The magic dart hits you!
The orc priest mumbles some strange prayers to Beogh against you.
Beogh smites you!
You die...
Your body crumbles into a pile of gold.

..........#######
.............# ##
.............#
.#).
#............#
...##............#
#⌠.⌠............##
#.∩..............#
#⌠.⌠o.......>....#
#..@{..........#
#..............#
##.............##
##.............#
##............#
##........##.#
##.......##.#
###....####.
###### .#


You could see an orc priest.

Vanquished Creatures
  A bullfrog skeleton (D:3)
  Natasha (twice) (D:2)
  A worker ant (D:4)
  2 adders (D:2)
  2 oozes (D:2)
  A worm (D:4)
  A dart slug (D:1)
  3 leopard geckos
  6 orcs
  A giant cockroach (D:2)
  5 goblins
  4 jackals (D:2)
  A quokka (D:2)
  4 bats
  2 frilled lizards
  6 kobolds
  6 rats
48 creatures vanquished.

Notes
Turn   | Place    | Note
-------+----------+-------------------------------------------
     0 | D:1      | teukkam the Gargoyle Gladiator began the quest for the Orb.
     0 | D:1      | Reached XP level 1. HP: 12/12 MP: 1/1
   198 | D:1      | Reached XP level 2. HP: 6/18 MP: 2/2
   680 | D:2      | Reached XP level 3. HP: 9/22 MP: 3/3
  1039 | D:2      | Reached XP level 4. HP: 21/28 MP: 4/4
  1288 | D:2      | Noticed Natasha
  1293 | D:2      | Killed Natasha
  1404 | D:2      | Reached XP level 5. HP: 32/32 MP: 5/5
  1480 | D:2      | Found an opulent altar of Gozag.
  1481 | D:2      | Found an ancient bone altar of Kikubaaqudgha.
  1539 | D:2      | Found a faded altar of an unknown god.
  1539 | D:2      | Noticed Natasha
  1551 | D:2      | Killed Natasha
  1580 | D:2      | Became a worshipper of Gozag Ym Sagoz the Greedy
  1709 | D:4      | Found Hotirhov's Antique Weapon Emporium.
  1878 | D:4      | Found Koawuunn's Food Shoppe.
  1881 | D:4      | Reached skill level 4 in Staves
  1899 | D:4      | Killed from afar by an orc priest

Skill      XL: |  1  2  3  4  5 |
---------------+----------------+-----
Throwing       | 2 3 |  3.0
Fighting       | 3 |  3.5
Dodging        | 3 |  3.2
Staves         | 4 |  4.0

Action                   |  1- 3 |  4- 6 || total
-------------------------+-------+-------++-------
Melee: Quarterstaff      |    92 |    74 ||   166
Throw: Throwing net      |       |     2 ||     2
  Use: Scroll            |       |     5 ||     5
       Potion            |       |     2 ||     2
  Eat: Chunk             |     2 |    11 ||    13
Armor: Leather armour    |     9 |       ||     9
       Ring mail         |    52 |     9 ||    61
       Ice dragon scales |       |    32 ||    32
Dodge: Dodged            |    74 |    36 ||   110
